 Dungeon Crawl Stone Soup version 0.23.2-40-g277498a001 (webtiles) character file.

Game seed: 13088791638493703089

312 Cykl0x the Shield-Bearer (level 6, -1/48 HPs)
             Began as a Formicid Fighter on Oct 8, 2019.
             Was an Initiate of Okawaru.
             Slain by a phantom (3 damage)
             ... on level 4 of the Dungeon.
             The game lasted 00:07:25 (2554 turns).

Cykl0x the Shield-Bearer (Formicid Fighter)         Turns: 2554, Time: 00:07:25

Health: -1/48      AC:  7    Str: 23    XL:     6   Next: 70%
Magic:  17/17      EV:  8    Int:  7    God:    Okawaru [......]
Gold:   187        SH: 10    Dex: 10    Spells: 5/5 levels left

rFire    + . .     SeeInvis +   a - +0 long sword
rCold    + . .     Gourm    .   c - +0 shield
rNeg     + . .     Faith    .   b - +0 scale mail
rPois    +         Spirit   .   (helmet unavailable)
rElec    +         Reflect  .   (no cloak)
rCorr    +         Harm     .   (no gloves)
MR       .....                  (no boots)
Stlth    ..........             (no amulet)
HPRegen  0.16/turn              g - ring of positive energy
MPRegen  0.15/turn              r - ring of magical power

@: resistant
A: permanent stasis, dig shafts and tunnels, four strong arms, antennae 3
a: Dig, Shaft Self, Renounce Religion


You were on level 4 of the Dungeon.
You worshipped Okawaru.
Okawaru was noncommittal.
You were hungry.

You visited 1 branch of the dungeon, and saw 4 of its levels.

You collected 187 gold pieces.

Inventory:

Hand Weapons
 a - a +0 long sword (weapon)
 l - a +2 dagger of venom
Missiles
 k - 6 tomahawks (quivered)
 t - 72 stones
Armour
 b - a +0 scale mail (worn)
 c - a +0 shield (worn)
 v - a +0 chain mail
Jewellery
 g - a ring of positive energy (left hand)
 r - a ring of magical power (right hand)
Scrolls
 h - 3 scrolls of remove curse
 n - a scroll of fog
 p - 3 scrolls of identify
Potions
 d - 2 potions of might
 e - a potion of mutation
 i - 2 potions of flight
 q - a potion of haste
Comestibles
 f - 5 rations


   Skills:
 + Level 4.1 Fighting
 + Level 3.6 Long Blades
 + Level 0.9 Throwing
 + Level 4.4 Armour
 + Level 1.1 Dodging
 + Level 1.0 Stealth
 + Level 4.4 Shields
 * Level 2.9 Invocations


You had 5 spell levels left.
You didn't know any spells.
Your spell library was empty.

Dungeon Overview and Level Annotations

Branches:
Dungeon (4/15)
 Temple: D:4-7

Altars:
Elyvilon
Okawaru
Trog
Wu Jian


Innate Abilities, Weirdness & Mutations

You cannot be hasted, slowed, berserked, paralysed or teleported.
You can dig through walls and to a lower floor.
Your four strong arms can wield two-handed weapons with a shield.
You have a pair of large antennae on your head. (SInv)


Message History

The phantom is severely damaged.
The phantom blinks!
You slash the phantom!
The phantom is almost destroyed.
The phantom closely misses you.
You hit the phantom but do no damage.
The phantom is almost destroyed.
The phantom closely misses you.
Your shield and scale mail prevent you from hitting the phantom.
The phantom is almost destroyed.
The phantom barely misses you.
You closely miss the phantom.
The phantom is almost destroyed.
The phantom hits you.
* * * LOW HITPOINT WARNING * * *
You block the phantom's attack.
Your scale mail prevents you from hitting the phantom.
The phantom is almost destroyed.
The phantom hits you.
You die...

#..............#
#..............##
##..............#
#..............#
##.............##
##.............#####
..............#..#.#
...............##†##
....$....W..##..@##
##........######W.###
#........# ##.#...##
#..........# #...##..##
#.........$# #.....#..###
....##......##.....###..##
.... ##.....###.....###..#
.$. #......###.....#####
... ##...... ##.....#


You could see a phantom.

Vanquished Creatures
  A hungry ghost (D:4)
  A hound (D:4)
  3 gnolls (D:3)
  A howler monkey skeleton (D:4)
  7 adders
  2 worms (D:3)
  A dart slug (D:3)
  2 leopard geckos
  A giant cockroach (D:2)
  7 goblins
  2 hobgoblins (D:3)
  3 ball pythons (D:2)
  9 bats
  A frilled lizard (D:1)
  5 kobolds
  2 rats
48 creatures vanquished.

Notes
Turn   | Place    | Note
-------+----------+-------------------------------------------
     0 | D:1      | Cykl0x the Formicid Fighter began the quest for the Orb.
     0 | D:1      | Reached XP level 1. HP: 18/18 MP: 1/1
    92 | D:1      | Found an iron altar of Okawaru.
   127 | D:1      | Became a worshipper of Warmaster Okawaru
   230 | D:1      | Reached XP level 2. HP: 24/24 MP: 2/2
   694 | D:2      | Reached skill level 1 in Invocations
   694 | D:2      | Reached XP level 3. HP: 20/30 MP: 3/3
   886 | D:2      | Found a white marble altar of Elyvilon.
  1277 | D:2      | Found a bloodstained altar of Trog.
  1312 | D:3      | Reached XP level 4. HP: 27/37 MP: 4/4
  1415 | D:3      | Reached skill level 1 in Stealth
  1478 | D:3      | Found an ornate altar of the Wu Jian Council.
  1613 | D:3      | Reached XP level 5. HP: 41/42 MP: 6/6
  1675 | D:3      | Found a faded altar of an unknown god.
  2433 | D:4      | Noticed a hungry ghost
  2462 | D:4      | Killed a hungry ghost
  2462 | D:4      | Reached skill level 1 in Dodging
  2462 | D:4      | Reached XP level 6. HP: 40/48 MP: 8/8
  2486 | D:4      | Noticed a phantom
  2532 | D:4      | HP: 2/48 [poisoned by an adder]
  2553 | D:4      | HP: 2/48 [phantom (3)]
  2554 | D:4      | Slain by a phantom

Skill      XL: |  1  2  3  4  5 |
---------------+----------------+-----
Invocations    | 1 2 |  2.9
Shields        | 4 |  4.4
Stealth        | 1 |  1.0
Armour         | 4 |  4.4
Fighting       | 4 |  4.1
Long Blades    | 3 |  3.6
Dodging        | 1 |  1.1
Throwing       | |  0.9

Action                   |  1- 3 |  4- 6 || total
-------------------------+-------+-------++-------
Melee: Long sword        |    78 |   126 ||   204
       Dagger            |     2 |    10 ||    12
Throw: Tomahawk          |    10 |     9 ||    19
 Abil: Dig               |       |     1 ||     1
  Use: Scroll            |     5 |       ||     5
       Potion            |       |     4 ||     4
  Eat: Chunk             |     1 |     3 ||     4
       Ration            |       |     2 ||     2
Armor: Scale mail        |    49 |    55 ||   104
Dodge: Dodged            |    20 |    60 ||    80
Block: Shield            |    47 |    58 ||   105
       Rpst.: Long sword |     7 |    24 ||    31
